Description

Cure vs SHIN Queen/Ling Nydus push.

Added some notes and cleaned up ending.

Replay - Cure v SHIN: Game 2 - [EWC] Amphion

Build Order

Get SALT Encoding   

  12  0:00  Drone - Send overlord close to enemy main  
  13  0:08  Drone  
  14  0:14  Extractor - Extractor trick  
  14  0:15  Drone - Rally drone on natural  
  15  0:38  Hatchery  
  15  0:42  Extractor - Extractor trick  
  13  0:43  Drone  
  13  0:49  Overlord - Overlord close other side enemy main  
  15  1:04  Spawning Pool  
  15  1:07  Drone  
  15  1:11  Drone  
  15  1:15  Drone  
  17  1:20  Drone  
  18  1:29  Extractor  
  18  1:30  Drone  
  18  1:40  Drone  
  18  1:49  Action - 2 drones to mine gas  
  19  1:50  Queen x2  
  19  1:51  Zergling x2  
  19  1:53  Drone  
  25  2:01  Drone  
  26  2:02  Overlord  
  26  2:12  Drone x2  
  28  2:22  Drone  
  29  2:23  Drone  
  29  2:30  Queen  
  29  2:32  Overlord  
  29  2:33  Drone  
  33  2:44  Drone x2  
  33  2:46  Metabolic Boost  
  33  2:47  Action - 1 drone to mine gas  
  34  2:54  Drone  
  34  2:55  Drone  
  36  2:59  Drone  
  36  3:00  Drone x2  
  36  3:01  Action - Send drone to 3rd expansion  
  39  3:07  Hatchery  
  39  3:10  Drone  
  39  3:14  Drone x2  
  39  3:19  Queen  
  43  3:22  Overlord  
  43  3:26  Overlord  
  43  3:36  Overlord  
  43  3:41  Zergling x2  
  43  3:42  Zergling x12  
  43  3:47  Lair  
  50  3:54  Queen  
  52  3:58  Drone  
  52  3:59  Overlord  
  53  4:08  Zergling x8  
  57  4:10  Drone  
  57  4:14  Zergling x8  
  62  4:20  Queen  
  62  4:24  Drone  
  65  4:26  Zergling x4  
  65  4:28  Spore Crawler  
  65  4:30  Spore Crawler  
  65  4:31  Drone  
  65  4:33  Drone  
  65  4:37  Queen  
  69  4:42  Drone  
  70  4:47  Nydus Network - 2 if you think reaction will be too quick  
  70  4:48  Queen  
  71  4:55  Zergling x8  
  75  5:01  Queen  
  75  5:06  Zergling x8  
  81  5:14  Overlord  
  80  5:21  Overlord  
  80  5:24  Nydus Canal - 2 if you built 2 Nydus Networks  
  80  5:25  Overlord  
  80  5:27  Overlord  
  80  5:29  Overlord  
  80  5:32  Overlord, Zergling x2  
  81  5:39  Queen  
  81  5:42  Zergling x12  
  89  5:44  Nydus Canal - 2 if you built 2 Nydus Networks  
  89  5:45  Zergling - Spam lings / tech up main  
  89  5:46  Spine Crawler - Inside enemy base  
  89  5:47  Spine Crawler - Inside enemy base  
  89  5:48  Spine Crawler - Inside enemy base  
Spawning Tool Build Advisor. Get it on Overwolf

Go to:

Details

  • Created by: Juniya
  • Published on: Sep 17, 2024
  • Modified on: Sep 17, 2024
  • Patch: 5.0.11
  • Difficulty: Medium
Show
View Real Time Build Order
Export as new Build Order

Comments (0)

There are no comments. Be the first!

Create an account to comment!